 Dungeon Crawl Stone Soup version 0.21.1-1-g345015f (webtiles) character file.

14095 inc the Bewitcher (level 11, -6/50 HPs)
             Began as a Felid Enchanter on June 17, 2018.
             Was a Follower of Uskayaw.
             Shot with a bolt by an orc warlord (42 damage)
             ... on level 2 of the Orcish Mines.
             The game lasted 00:48:25 (19731 turns).

inc the Bewitcher (Felid Enchanter)                Turns: 19731, Time: 00:48:25

Health: -6/50      AC:  3    Str:  4    XL:     11   Next: 84%
Magic:  22/26      EV: 29    Int: 22    God:    Uskayaw [*.....]
Gold:   723        SH:  0    Dex: 18    Spells: 12/26 levels left
                                        Lives:  0   Deaths: 2

rFire    . . .     SeeInvis +     - Unarmed
rCold    + . .     Gourm    .   (shield unavailable)
rNeg     . . .     Faith    .   (armour unavailable)
rPois    .         Spirit   .   (helmet unavailable)
rElec    .         Reflect  .   (cloak unavailable)
rCorr    .         Harm     .   (gloves unavailable)
MR       ++...                  (boots unavailable)
Stlth    +++++.....             (no amulet)
HPRegen  0.16/turn              c - +5 ring of evasion
MPRegen  0.20/turn              C - ring of protection from magic

@: quick
A: very small, no armour, no weapons or thrown items, stealth, claws 1, fangs 3,
see invisible, agile 1, carnivore, speed 1, high mp 1, shaggy fur 3, slow
metabolism 1, sharp paws
a: Stomp, Renounce Religion


You were on level 2 of the Orcish Mines.
You worshipped Uskayaw.
Uskayaw was aware of your devotion.
You were not hungry.

You visited 3 branches of the dungeon, and saw 17 of its levels.
You also visited: Ice Cave.

You collected 1045 gold pieces.
You spent 322 gold pieces at shops.

Inventory:

Jewellery
 c - a +5 ring of evasion (left paw)
 C - a ring of protection from magic (right paw)
Wands
 m - a wand of random effects (35)
 t - a wand of flame (30)
 A - a wand of scattershot (3)
 B - a wand of disintegration (9)
 E - a wand of iceblast (10)
 F - a wand of paralysis (11)
Scrolls
 d - 4 scrolls of teleportation
 g - 3 scrolls of noise
 h - 5 scrolls of magic mapping
 i - 4 scrolls of enchant weapon
 k - a scroll of immolation
 p - a scroll of fear
 q - 3 scrolls of amnesia
 r - 2 scrolls of blinking
 s - 7 scrolls of identify
 u - a scroll of fog
 y - a scroll of remove curse
Potions
 e - 7 potions of curing
 f - 3 potions of heal wounds
 j - 5 potions of mutation
 l - 4 potions of degeneration
 n - 2 potions of might
 o - 4 potions of agility
 z - 2 potions of brilliance
 G - a potion of ambrosia {unknown}
 H - a potion of flight
Books
 a - a book of Maledictions

   Spells                             Type                      Level
   a - Corona                         Hexes                        1
   b - Ensorcelled Hibernation        Hexes/Ice                    2
   c - Confuse                        Hexes                        3
   d - Tukima's Dance                 Hexes                        3
   e - Dazzling Spray                 Conjuration/Hexes            3
 w - a book of Minor Magic

   Spells                             Type                      Level
   a - Magic Dart                     Conjuration                  1
   b - Blink                          Translocation                2
   c - Call Imp                       Summoning                    2
   d - Slow                           Hexes                        2
   e - Conjure Flame                  Conjuration/Fire             3
   f - Mephitic Cloud                 Conjuration/Poison/Air       3
 x - a book of Battle

   Spells                             Type                      Level
   a - Infusion                       Charms                       1
   b - Shroud of Golubria             Charms/Translocation         2
   c - Song of Slaying                Charms                       2
   d - Spectral Weapon                Hexes/Charms                 3
   e - Regeneration                   Charms/Necromancy            3
 D - a book of Flames

   Spells                             Type                      Level
   a - Flame Tongue                   Conjuration/Fire             1
   b - Throw Flame                    Conjuration/Fire             2
   c - Conjure Flame                  Conjuration/Fire             3
   d - Inner Flame                    Hexes/Fire                   3
   e - Sticky Flame                   Conjuration/Fire             4
   f - Fireball                       Conjuration/Fire             5
Comestibles
 b - 13 rations


   Skills:
 - Level 7.0 Fighting
 + Level 8.3 Dodging
 - Level 10.4 Stealth
 - Level 9.2 Unarmed Combat
 - Level 8.2 Spellcasting
 - Level 15.1 Hexes
 + Level 2.4 Ice Magic
 - Level 10.9 Invocations
 - Level 0.7 Evocations


You had 12 spell levels left.
You knew the following spells:

 Your Spells              Type           Power        Failure   Level  Hunger
a - Regeneration          Chrm/Necr      #.........   22%         3    None
b - Ensorcelled Hibernat  Hex/Ice        #####.       1%          2    None
c - Confuse               Hex            ######..     1%          3    None
d - Dazzling Spray        Conj/Hex       #####.       1%          3    None
e - Tukima's Dance        Hex            ######..     1%          3    None


Dungeon Overview and Level Annotations

Branches:
Dungeon (14/15)            Temple (1/1) D:4            Lair (0/6) D:9
    Orc (2/2) D:9             Elf (0/3) Orc:2
 Vaults: D:13-14

Altars:
Ashenzari
Dithmenos
Elyvilon
Fedhas
Gozag
Hepliaklqana
Kikubaaqudgha
Makhleb
Nemelex Xobeh
Okawaru
Qazlal
Ru
Sif Muna
Trog
Uskayaw
Vehumet
Wu Jian
Xom
Yredelemnul
Zin
The Shining One

Shops:
D:4 (}%[*   D:6 [   D:11 *   D:13 *


Innate Abilities, Weirdness & Mutations

You cannot wear armour.
You are incapable of wielding weapons or throwing items.
Your paws allow you to move quietly. (Stealth)
You have sharp claws.
You have razor-sharp teeth.
You have supernaturally acute eyesight. (SInv)
You are carnivorous and can eat meat at any time.
You cover ground quickly.
Your thick and shaggy fur keeps you warm. (AC +3, rC+)
You have a slow metabolism.
Your sharp claws are effective at attacking unaware monsters.
You are agile. (Dex +2)
You have an increased reservoir of magic. (+10% MP)


Message History

Things that are here:
a club; an orc skeleton
There is a stone staircase leading up here.
Casting: Ensorcelled Hibernation
Confirm with . or Enter, or press ? or * to list all spells.
Aiming: Ensorcelled Hibernation
Press: ? - help, Shift-Dir - straight line, f - orc priest, p - orc
Aim: an orc priest (unusually strong, chance to defeat MR: 71%)
The orc priest looks drowsy...
Casting: Ensorcelled Hibernation
Confirm with . or Enter, or press ? or * to list all spells.
Aiming: Ensorcelled Hibernation
Press: ? - help, Shift-Dir - straight line, f - orc warlord, p - orc priest
Aim: an orc warlord, wielding a great sword and wearing a plate armour (chance to defeat MR: 36%)
The orc warlord easily resists.
The orc warlord unwields an uncursed great sword.
The orc warlord wields an arbalest.
The orc warlord shoots a bolt.
The bolt hits you!!!
Ouch! That really hurt!
You die...

###############
##..#..#....##.#####
#...............##.###
#....@.........#....#.
#...()[...............
#.....................
#....[$[.....#.####...
#.....)..o......# #...
#........o[.....####.#
#...........o...#$#To.
#..............o......
#........)......o.##..


You could see an orc warlord, an orc priest (sleeping) and an orc.

Vanquished Creatures
  A frost giant (IceCv)
  The ghost of Ethylacetat the Carver, a journeyman DsMo of Okawaru (D:13)
  2 hydras
  An ice dragon (Orc:1)
  6 two-headed ogres
  An orc high priest (Orc:1)
  4 unseen horrors
  Pikel (D:6)
  3 orc sorcerers
  2 ugly things
  2 cyclopes
  2 deep elf magi
  An ice statue (IceCv)
  2 centaur skeletons
  5 trolls
  A hornet (D:10)
  18 polar bears
  3 hippogriffs
  20 yaks
  2 shadows
  2 vampires (D:13)
  A hungry ghost (D:11)
  5 wargs
  Edmund (D:5)
  2 water moccasins
  An eye of draining (D:12)
  5 ice beasts
  4 sky beasts
  7 orc warriors
  A black bear (D:9)
  5 centaurs
  8 ogres
  10 wolves
  2 big kobolds
  A gnoll sergeant (D:8)
  2 bullfrogs
  A water moccasin zombie (D:8)
  A wyvern skeleton (D:11)
  4 scorpions
  A water moccasin skeleton (D:12)
  3 killer bees (D:9)
  3 wights (D:12)
  5 howler monkeys
  5 crimson imps
  A bullfrog zombie (D:12)
  4 quasits
  8 hounds
  7 jellies
  8 orc priests
  16 orc wizards
  Terence (D:2)
  2 bullfrog skeletons
  4 iguanas
  13 worker ants
  A killer bee zombie (D:7)
  A hound zombie (D:5)
  A hound skeleton (D:6)
  A howler monkey skeleton (D:4)
  2 worker ant zombies
  7 gnolls
  16 adders
  A shadow imp (D:5)
  3 oozes
  3 adder skeletons
  2 worms
  A dart slug (D:1)
  9 leopard geckos
  46 orcs
  11 bats
  8 giant cockroaches
  3 hobgoblins
  15 jackals
  5 quokkas
  5 frilled lizards
  A giant cockroach zombie (D:5)
  10 goblins
  A goblin zombie (D:5)
  3 hobgoblin zombies (D:5)
  18 kobolds
  A kobold zombie (D:5)
  A leopard gecko skeleton (D:4)
  An orc skeleton (D:5)
  A quokka skeleton (D:6)
  11 rats
411 creatures vanquished.

Notes
Turn   | Place    | Note
-------+----------+-------------------------------------------
     0 | D:1      | inc the Felid Enchanter began the quest for the Orb.
     0 | D:1      | Reached XP level 1. HP: 7/7 MP: 4/4
   346 | D:1      | Reached skill level 5 in Hexes
   352 | D:1      | Reached XP level 2. HP: 8/11 MP: 6/6
   489 | D:1      | Learned a level 2 spell: Ensorcelled Hibernation
   540 | D:1      | Reached skill level 1 in Fighting
   863 | D:1      | Reached XP level 3. HP: 9/15 MP: 1/7
  1507 | D:2      | Reached skill level 1 in Ice Magic
  1849 | D:2      | Reached XP level 4. HP: 17/19 MP: 5/8
  2158 | D:2      | Noticed Terence
  2806 | D:2      | Learned a level 3 spell: Confuse
  2932 | D:2      | Killed Terence
  3084 | D:2      | Found a basalt altar of Yredelemnul.
  3279 | D:2      | Found a bloodstained altar of Trog.
  3711 | D:3      | Reached XP level 5. HP: 22/22 MP: 6/9
  4067 | D:3      | Found a bloodstained altar of Trog.
  4487 | D:3      | Found a burning altar of Makhleb.
  4625 | D:3      | Reached skill level 5 in Dodging
  4655 | D:3      | Found a hide-covered altar of Uskayaw.
  4663 | D:3      | Became a worshipper of Uskayaw the Reveler
  4702 | D:4      | Noticed an ogre
  4702 | D:4      | Gained mutation: You are covered in thick fur. (AC +2) [Felid growth]
  4702 | D:4      | Reached XP level 6. HP: 25/25 MP: 7/10
  4702 | D:4      | Reached * piety under Uskayaw
  4709 | D:4      | Reached ** piety under Uskayaw
  4827 | D:4      | Found the +2 robe of Vines {NoPotionHeal Regen+7}
  5073 | D:4      | Found Useraip's Gadget Emporium.
  5086 | D:4      | Found Fizycrist's Food Shop.
  5089 | D:4      | Reached XP level 7. HP: 28/28 MP: 6/11
  5105 | D:4      | Found Xedorous's Weapon Shop.
  5183 | D:4      | Found Uppiakk's Armour Emporium.
  5186 | D:4      | Found Comea's Assorted Antiques.
  5232 | D:4      | Found a staircase to the Ecumenical Temple.
  5260 | D:4      | Reached skill level 6 in Hexes
  5517 | Temple   | Entered the Ecumenical Temple
  5624 | D:5      | Entered Level 5 of the Dungeon
  5769 | D:5      | Reached skill level 7 in Hexes
  5849 | D:5      | Gained mutation: You are agile. (Dex +2) [potion of mutation]
  5849 | D:5      | Gained mutation: You have an increased reservoir of magic. (+10% MP) [potion of mutation]
  5873 | D:5      | Found a glowing golden altar of the Shining One.
  5900 | D:5      | Noticed Edmund
  5978 | D:5      | Killed Edmund
  5978 | D:5      | Reached skill level 8 in Hexes
  6222 | D:5      | Reached skill level 9 in Hexes
  6354 | D:6      | Found an opulent altar of Gozag.
  6384 | D:6      | Reached XP level 8. HP: 27/32 MP: 4/13
  6434 | D:6      | Reached *** piety under Uskayaw
  6435 | D:6      | Reached skill level 10 in Hexes
  6436 | D:6      | Reached **** piety under Uskayaw
  6555 | D:6      | Noticed a two-headed ogre
  6613 | D:6      | Found Bailuthru's Armour Shop.
  6781 | D:6      | Found a shattered altar of Ashenzari.
  6784 | D:6      | Found an ancient bone altar of Kikubaaqudgha.
  6816 | D:6      | Noticed Pikel
  6836 | D:6      | Killed Pikel
  6836 | D:6      | Reached skill level 12 in Hexes
  7124 | D:7      | Found a stormy altar of Qazlal.
  7254 | D:7      | Reached skill level 5 in Stealth
  7254 | D:7      | Reached XP level 9. HP: 9/37 MP: 5/14
  7541 | D:7      | Learned a level 3 spell: Dazzling Spray
  7735 | D:7      | Learned a level 3 spell: Tukima's Dance
  7876 | D:7      | Found a sacrificial altar of Ru.
  8420 | D:8      | Found a white marble altar of Elyvilon.
  8456 | D:8      | Reached skill level 5 in Unarmed Combat
  9424 | D:9      | Found a staircase to the Orcish Mines.
  9488 | D:10     | Entered Level 10 of the Dungeon
  9632 | D:10     | Noticed a troll
  9646 | D:10     | Noticed a two-headed ogre
  9647 | D:10     | Killed a troll
  9647 | D:10     | Reached XP level 10. HP: 40/40 MP: 11/15
  9661 | D:10     | Killed a two-headed ogre
  9661 | D:10     | Reached skill level 5 in Invocations
  9831 | D:10     | Noticed a two-headed ogre
  9924 | D:10     | Killed a two-headed ogre
 10177 | D:10     | Noticed a two-headed ogre
 10220 | D:10     | Killed a two-headed ogre
 11006 | D:9      | Noticed a two-headed ogre
 11009 | D:9      | Found an ornate altar of the Wu Jian Council.
 11473 | D:9      | Killed a two-headed ogre
 11597 | D:9      | Reached skill level 5 in Spellcasting
 11660 | D:9      | Reached XP level 11. HP: 43/43 MP: 17/21
 11665 | D:9      | Learned a level 3 spell: Regeneration
 11816 | D:9      | Found a staircase to the Lair.
 11967 | D:11     | Noticed an unseen horror
 11973 | D:11     | Killed an unseen horror
 12018 | D:11     | Found Rat Homp's Island Escapes.
 12141 | D:11     | Bought a scroll of blinking for 105 gold pieces
 12141 | D:11     | Bought a scroll of blinking for 105 gold pieces
 12141 | D:11     | Bought a potion of invisibility for 112 gold pieces
 12211 | D:11     | Noticed a five-headed hydra
 12223 | D:11     | Killed a five-headed hydra
 12486 | D:11     | Noticed a purple ugly thing
 12689 | D:11     | Killed a purple ugly thing
 13014 | D:11     | Noticed an unseen horror
 13025 | D:11     | Killed an unseen horror
 13121 | D:12     | Reached skill level 13 in Hexes
 13384 | D:12     | Noticed a two-headed ogre
 13418 | D:12     | Killed a two-headed ogre
 13418 | D:12     | Reached skill level 14 in Hexes
 13819 | D:12     | Noticed a red ugly thing
 13870 | D:12     | Killed a red ugly thing
 13870 | D:12     | Reached skill level 15 in Hexes
 13881 | D:12     | Noticed an unseen horror
 13887 | D:12     | Killed an unseen horror
 14130 | D:13     | Found Uclabed's General Store.
 14276 | D:13     | Noticed a seven-headed hydra
 14313 | D:13     | Noticed a deep elf mage
 14421 | D:13     | Killed a seven-headed hydra
 14421 | D:13     | Gained mutation: Your thick and shaggy fur keeps you warm. (AC +3, rC+) [Felid growth]
 14421 | D:13     | Reached XP level 12. HP: 25/48 MP: 2/27
 14699 | D:13     | Noticed Ethylacetat's ghost (journeyman DsMo)
 15009 | D:13     | Killed Ethylacetat's ghost
 15594 | D:14     | Noticed a centaur warrior
 15814 | D:13     | Noticed a two-headed ogre
 15874 | D:13     | Killed a two-headed ogre
 16084 | D:14     | Shot with an arrow by a centaur warrior
 16085 | D:14     | Reached XP level 11. HP: -5/43 MP: 23/26
 16210 | Orc:1    | Entered Level 1 of the Orcish Mines
 16219 | Orc:1    | Reached skill level 10 in Stealth
 16341 | Orc:1    | Noticed an orc sorcerer
 16345 | Orc:1    | Killed an orc sorcerer
 16359 | Orc:1    | Noticed an orc sorcerer
 16367 | Orc:1    | Noticed a sun demon
 16376 | Orc:1    | Killed an orc sorcerer
 16784 | Orc:1    | Found a frozen archway.
 16786 | Orc:1    | Noticed an ice dragon
 16794 | Orc:1    | Reached skill level 5 in Fighting
 16798 | Orc:1    | Reached ***** piety under Uskayaw
 16802 | Orc:1    | Killed an ice dragon
 16855 | IceCv    | Entered an ice cave
 17003 | IceCv    | Reached XP level 12. HP: 51/54 MP: 12/27
 17476 | IceCv    | Reached ****** piety under Uskayaw
 17485 | IceCv    | Reached skill level 10 in Invocations
 17677 | IceCv    | Noticed a frost giant
 17691 | IceCv    | Slain by a frost giant
 17692 | IceCv    | Reached XP level 11. HP: -1/50 MP: 20/26
 17790 | IceCv    | Killed a frost giant
 18485 | Orc:2    | Entered Level 2 of the Orcish Mines
 18815 | Orc:2    | Found a staircase to the Elven Halls.
 19066 | Orc:2    | Noticed an orc high priest
 19072 | Orc:2    | Noticed an orc sorcerer
 19223 | Orc:2    | Noticed an orc sorcerer
 19310 | Orc:1    | Noticed a sun demon
 19623 | Orc:1    | Killed an orc high priest
 19713 | Orc:2    | Killed an orc sorcerer
 19717 | Orc:2    | Noticed an orc warlord
 19731 | Orc:2    | Shot with a bolt by an orc warlord

Skill      XL: |  1  2  3  4  5  6  7  8  9 10 11 12 |
---------------+-------------------------------------+-----
Hexes          | 5 9 12 15 | 15.1
Fighting       | 1 2 7 |  7.0
Ice Magic      | 1 2 |  2.4
Unarmed Combat | 3 6 7 9 |  9.2
Dodging        | 5 7 8 |  8.3
Stealth        | 5 8 10 | 10.4
Invocations    | 4 8 10 | 10.9
Spellcasting   | 5 8 |  8.2
Evocations     | |  0.7

Action                   |  1- 3 |  4- 6 |  7- 9 | 10-12 || total
-------------------------+-------+-------+-------+-------++-------
Melee: Unarmed           |   133 |   225 |   342 |   417 ||  1117
       Bite              |    18 |    13 |    30 |    34 ||    95
       Punch             |       |     2 |     1 |     3 ||     6
 Cast: Ensorcelled Hiber |    23 |    47 |    93 |   202 ||   365
       Confuse           |       |     2 |    10 |    45 ||    57
       Dazzling Spray    |       |       |    15 |   117 ||   132
Invok: Line Pass         |       |       |       |     1 ||     1
       Stomp             |       |       |       |     3 ||     3
  Use: Scroll            |       |       |     5 |    19 ||    24
       Potion            |       |       |     1 |     3 ||     4
 Stab: Sleeping          |    17 |    42 |    66 |   125 ||   250
       Distracted        |       |     1 |       |       ||     1
       Confused          |       |       |    10 |    28 ||    38
       Paralysed         |       |       |     3 |    17 ||    20
       Invisible         |       |       |     2 |    10 ||    12
  Eat: Chunk             |     3 |    18 |    14 |    23 ||    58
Armor: Skin              |     7 |     7 |     9 |    14 ||    37
Dodge: Dodged            |   119 |   185 |   304 |   501 ||  1109
